 Dungeon Crawl Stone Soup version 0.31.0-1-g2c135a008e (webtiles) character file.

Game seed: 3050491443199707554

302 qw the Shooter (level 6, -4/50 HPs)
             Began as a Djinni Hunter on Jan 23, 2024.
             Slain by Edmund
             ... wielding a +2 flail of protection
              (10 damage)
             ... on level 4 of the Dungeon.
             The game lasted 00:00:13 (3206 turns).

qw the Shooter (Djinni Hunter)                      Turns: 3206, Time: 00:00:13

Health: -4/50      AC:  5    Str: 10    XL:     6   Next: 65%
Gold:   17         EV: 16    Int: 11    God:
                   SH:  0    Dex: 18

rFire   + + .        a - +0 shortbow
rCold   x . .        (shield currently unavailable)
rNeg    . . .        n - +0 ring mail {rPois}
rPois   inf          (no helmet)
rElec   .            (no cloak)
rCorr   .            (no gloves)
SInv    +            (boots unavailable)
Will    .....        (no amulet)
Stlth   +            b - +5 ring of evasion
HPRegen 0.28/turn    (no ring)
MPRegen 0.00/turn

%: infuse magic (-5 HP)
@: about to teleport, flying
A: sickness immunity, fire resistance 2, cold vulnerability 1, float, innate
caster, HP casting, extra vitality 1, see invisible, robust 1, evolution 1,
subdued magic 1
a: no special abilities


You were on level 4 of the Dungeon.
You visited 1 branch of the dungeon, and saw 4 of its levels.

You collected 119 gold pieces.
You spent 102 gold pieces at shops.


Innate Abilities, Weirdness & Mutations

You are immune to sickness and miasma.
You are immune to poison.
Your flesh is very heat resistant. (rF++)
You are vulnerable to cold. (rC-)
You float through the air rather than walking.
You learn spells naturally, not from books.
Your magical power is your life essence.
You have superior vitality. (+4 MHP)
You have supernaturally acute eyesight. (SInv)
You are robust. (+10% HP)
You have hidden genetic potential.
Your spells are a little easier to cast, but a little less powerful.


   Skills:
 + Level 3.0 Fighting
 - Level 5.3 Ranged Weapons
 - Level 1.4 Armour
 - Level 3.2 Dodging
 - Level 0.7 Stealth


You knew the following spells:

 Your Spells              Type           Power      Damage    Failure   Level
a - Magic Dart            Conj           0%         1d3       61%         1
b - Lesser Beckoning      Tloc           0%         N/A       77%         2
Your spell library was empty.

Inventory:

Hand Weapons
 a - a +0 shortbow (weapon)
Armour
 n - a +0 ring mail of poison resistance (worn)
Jewellery
 b - a +5 ring of evasion (left hand)
 l - a ring of fire
Scrolls
 c - 2 scrolls of poison {unknown}
 d - a scroll of immolation {unknown}
 e - a scroll of amnesia {unknown}
 g - a scroll of noise {unknown}
Potions
 f - a potion of haste

Dungeon Overview and Level Annotations

Branches:
Dungeon (4/15)
 Temple: D:4-7

Altars:

Shops:
D:3 (:**(   D:4 !*

Annotations:
D:4 Edmund


Message History

Edmund is lightly wounded.
Edmund completely misses you.
You shoot an arrow. The arrow hits Edmund.
Edmund is lightly wounded.
Edmund closely misses you.
You shoot an arrow. The arrow completely misses Edmund.
Edmund hits you with a +2 flail of protection.
Edmund hits you with a +2 flail of protection!
You shoot an arrow.
The arrow hits Edmund but does no damage.
Edmund is lightly wounded.
Edmund barely misses you.
You shoot an arrow. The arrow hits Edmund.
Edmund is moderately wounded.
Edmund hits you with a +2 flail of protection.
You shoot an arrow. The arrow closely misses Edmund.
Edmund hits you with a +2 flail of protection. x2
You shoot an arrow. The arrow hits Edmund.
Edmund is moderately wounded.
Edmund misses you.
You shoot an arrow. The arrow barely misses Edmund.
Edmund barely misses you.
You shoot an arrow. The arrow hits Edmund.
Edmund is moderately wounded.
Edmund hits you with a +2 flail of protection.
You shoot an arrow.
The arrow hits Edmund but does no damage.
Edmund is moderately wounded.
Edmund says, "People accused me of being a cutpurse!"
Edmund misses you.
Edmund hits you with a +2 flail of protection!
3205 ||| READING scroll of teleportation.
As you read the scroll of teleportation, it crumbles to dust.
You feel strangely unstable. Edmund misses you.
You shoot an arrow. The arrow hits Edmund.
Edmund is moderately wounded.
Edmund hits you with a +2 flail of protection!
You die...
Edmund whines, "They better pay attention to me now!"

#.#.#.#.......###.#
#.................##
.......###.........#
#.##.#.# #.#.#####.#
... .#.# #.........#
... .# # ..........##
## ...........# ..
......@..#.# .#
.......@.#.## .#
########....# @#
#....##### .#
#........# ....#
##########...#.# .####
#............>.# .#
#.############.## .#
#.##.........#..### .#
#.##.#######.#....#####


You could see Edmund.

Vanquished Creatures
  Sigmund (D:3)
  A bombardier beetle (D:4)
  Terence (D:2)
  An adder (D:3)
  A gnoll (D:1)
  A dart slug (D:1)
  3 bats (D:1)
  7 endoplasms
  3 giant cockroaches
  6 goblins
  8 hobgoblins
  2 jackals (D:1)
  5 kobolds
  5 quokkas
  13 ball pythons
  6 frilled lizards
  8 rats
72 creatures vanquished.

Notes
Turn   | Place    | Note
-------+----------+-------------------------------------------
     0 | D:1      | qw the Djinni Hunter began the quest for the Orb.
     0 | D:1      | Reached XP level 1. HP: 18/18 MP: 0/0
     0 | D:1      | 0 ||| qw: Version: 0.3-a-136-gdd3b4e8
     0 | D:1      | 0 ||| qw: Game counter: 983
     0 | D:1      | 0 ||| qw: Melee chars always use a shield: true
     0 | D:1      | 0 ||| qw: God list: Okawaru
     0 | D:1      | 0 ||| qw: Allow faded altars: false
     0 | D:1      | 0 ||| qw: Do Orc after clearing Dungeon:15 true
     0 | D:1      | 0 ||| qw: Do second Lair branch before Depths: true
     0 | D:1      | 0 ||| qw: Lair rune preference: random
     0 | D:1      | 0 ||| qw: Goals: Normal
     0 | D:1      | 0 ||| PLANNING D:1-11
    20 | D:1      | HP: 4/18 [gnoll/+0 club (2)]
    22 | D:1      | Reached XP level 2. HP: 6/23 MP: 0/0
   227 | D:1      | Reached skill level 4 in Ranged Weapons
   227 | D:1      | Reached XP level 3. HP: 28/28 MP: 0/0
   227 | D:1      | Learned a level 1 spell: Magic Dart
   901 | D:1      | Reached XP level 4. HP: 34/34 MP: 0/0
   994 | D:1      | 994 ||| READING scroll labelled YNEOPO ETEGHU.
   995 | D:1      | 995 ||| READING scroll labelled GAKLIOT DUIC.
   999 | D:1      | 999 ||| DRINKING 2 sedimented purple potions.
  1000 | D:1      | 1000 ||| DROPPING scroll of butterflies.
  1064 | D:2      | Found a faded altar of an unknown god.
  1080 | D:2      | Reached skill level 3 in Fighting
  1827 | D:2      | 1827 ||| UPGRADING to +0 ring mail.
  1837 | D:2      | 1837 ||| DROPPING +0 leather armour.
  1838 | D:2      | 1838 ||| UPGRADING to +5 ring of evasion.
  1839 | D:2      | 1839 ||| UPGRADING to ring of see invisible.
  1840 | D:2      | 1840 ||| READING scroll labelled NUS YSITAHAVI.
  1841 | D:2      | 1841 ||| READING scroll labelled MIXYOR KUUG.
  1841 | D:2      | 1841 ||| IDENTIFYING fuming grey potion
  1842 | D:2      | 1842 ||| READING scroll labelled VAEGEF KEENODGH.
  1857 | D:3      | Noticed Terence
  1859 | D:3      | 1859 ||| STAIRDANCE
  1877 | D:2      | Killed Terence
  1878 | D:2      | Reached skill level 1 in Armour
  1989 | D:3      | Found Lailohog's Weapon Boutique.
  1997 | D:3      | 1997 ||| SHOPLISTING +0 heavy orcbow (107 gold, have 93).
  1997 | D:3      | 1997 ||| SHOPLISTING +6 sling (435 gold, have 93).
  2026 | D:3      | Reached XP level 5. HP: 40/40 MP: 0/0
  2026 | D:3      | Learned a level 2 spell: Lesser Beckoning
  2031 | D:3      | Found Xoreuniu's Book Boutique.
  2098 | D:3      | Found Dadefyg's Assorted Antiques.
  2105 | D:3      | 2105 ||| BUYING 2 sedimented silvery potions (55 gold).
  2105 | D:3      | Bought 2 sedimented silvery potions for 55 gold pieces
  2105 | D:3      | 2105 ||| BUYING bubbling blue potion (27 gold).
  2105 | D:3      | Bought a bubbling blue potion for 27 gold pieces
  2105 | D:3      | 2105 ||| SHOPLISTING scroll labelled VINUINN BUCI (31 gold,
                  | have 20).
  2105 | D:3      | 2105 ||| SHOPLISTING scroll of identify (62 gold, have 20).
  2105 | D:3      | 2105 ||| SHOPLISTING tapered ivory wand (124 gold, have
                  | 20).
  2153 | D:3      | Found Soet Bet's Weapon Shoppe.
  2165 | D:3      | Found Pudufem's Assorted Antiques.
  2173 | D:3      | 2173 ||| SHOPLISTING scroll labelled VINUINN BUCI (32 gold,
                  | have 20).
  2173 | D:3      | 2173 ||| SHOPLISTING scroll of identify (64 gold, have 20).
  2173 | D:3      | 2173 ||| SHOPLISTING scroll of teleportation (96 gold, have
                  | 20).
  2222 | D:3      | Noticed Sigmund
  2224 | D:3      | 2224 ||| DRINKING 2 bubbling blue potions.
  2225 | D:3      | 2225 ||| DRINKING clear potion.
  2226 | D:3      | 2226 ||| DRINKING 2 fizzy silvery potions.
  2226 | D:3      | Gained mutation: You expend health (3 HP) to strengthen
                  | your wands. [potion of mutation]
  2226 | D:3      | Gained mutation: You are partially covered in iridescent
                  | scales. (AC +2) [potion of mutation]
  2227 | D:3      | 2227 ||| DRINKING 3 sedimented silvery potions.
  2228 | D:3      | 2228 ||| DRINKING fuming pink potion.
  2238 | D:3      | Killed Sigmund
  2239 | D:3      | Reached skill level 5 in Ranged Weapons
  2239 | D:3      | Reached XP level 6. HP: 46/46 MP: 0/0
  2302 | D:3      | 2302 ||| DRINKING potion of mutation.
  2302 | D:3      | Lost mutation: You expend health (3 HP) to strengthen your
                  | wands. [potion of mutation]
  2302 | D:3      | Lost mutation: You are partially covered in iridescent
                  | scales. (AC +2) [potion of mutation]
  2302 | D:3      | Gained mutation: Your spells are a little easier to cast,
                  | but a little less powerful. [potion of mutation]
  2302 | D:3      | Gained mutation: You are robust. (+10% HP) [potion of
                  | mutation]
  2302 | D:3      | Gained mutation: You have hidden genetic potential. [potion
                  | of mutation]
  2302 | D:3      | Gained mutation: You have supernaturally acute eyesight.
                  | (SInv) [potion of mutation]
  2303 | D:3      | 2303 ||| REMOVING ring of see invisible.
  2583 | D:3      | 2583 ||| UPGRADING to +0 ring mail of poison resistance.
  2593 | D:3      | 2593 ||| DROPPING +0 ring mail.
  2594 | D:3      | 2594 ||| DROPPING +6 ring of intelligence.
  2595 | D:3      | 2595 ||| DROPPING ring of see invisible.
  2596 | D:3      | 2596 ||| DROPPING potion of attraction.
  2597 | D:3      | 2597 ||| DROPPING 2 potions of degeneration.
  2641 | D:4      | Noticed Edmund
  2655 | D:4      | HP: 11/50 [Edmund/+2 flail of protection (9)]
  2656 | D:4      | 2656 ||| READING 2 scrolls of teleportation.
  2657 | D:4      | 2657 ||| DRINKING potion of heal wounds.
  2796 | D:4      | Reached skill level 3 in Dodging
  2988 | D:4      | Found Myihoru's Distillery.
  2997 | D:4      | 2997 ||| SHOPLISTING potion of curing (42 gold, have 20).
  2997 | D:4      | 2997 ||| SHOPLISTING potion of enlightenment (70 gold, have
                  | 20).
  2997 | D:4      | 2997 ||| SHOPLISTING potion of experience (700 gold, have
                  | 20).
  2997 | D:4      | 2997 ||| SHOPLISTING potion of haste (140 gold, have 20).
  2997 | D:4      | 2997 ||| SHOPLISTING potion of heal wounds (70 gold, have
                  | 20).
  2997 | D:4      | 2997 ||| SHOPLISTING potion of mutation (112 gold, have
                  | 20).
  3122 | D:4      | Found Vism's Assorted Antiques.
  3125 | D:4      | 3125 ||| SHOPLISTING blackened copper wand (80 gold, have
                  | 20).
  3125 | D:4      | 3125 ||| SHOPLISTING heavily runed helmet (190 gold, have
                  | 20).
  3125 | D:4      | 3125 ||| BUYING scroll labelled VINUINN BUCI (20 gold).
  3125 | D:4      | Bought a scroll labelled VINUINN BUCI for 20 gold pieces
  3125 | D:4      | 3125 ||| SHOPLISTING scroll of teleportation (60 gold, have
                  | 0).
  3143 | D:4      | Identified the +3 quarterstaff "Ydwehur" {drain, *Rage rF+
                  | rC+}
  3204 | D:4      | HP: 5/50 [Edmund/+2 flail of protection (9)]
  3205 | D:4      | 3205 ||| READING scroll of teleportation.
  3206 | D:4      | Slain by Edmund

Levels and vault maps discovered:
D:1:      roderic_chinese_lattice_arrival, layout_basic
D:2:      layout_basic, shapermc_ecumenical_altar_acropolis, minmay_vboxes
D:3:      layout_basic, serial_shops, shop, shop, nicolae_shop_crystal, shop,
          nicolae_shop_bloodbath_and_beyond, uniq_terence, uniq_sigmund
D:4:      layout_basic, serial_glass, glass_columns_a, glass_columns_b,
          serial_shops, nicolae_shop_waterfront, shop, kennysheep_mini,
          nicolae_shop_real_fake_doors, uniq_edmund

Skill      XL: |  1  2  3  4  5  6 |
---------------+-------------------+-----
Ranged Weapons | 4 5 |  5.3
Fighting       | 3 |  3.0
Armour         | 1 |  1.4
Dodging        | 3 |  3.2
Stealth        | |  0.7

Action                     |  1- 3 |  4- 6 || total
---------------------------+-------+-------++-------
   Fire: Shortbow          |   113 |   160 ||   273
    Use: Scroll            |       |     7 ||     7
         Potion            |       |     8 ||     8
 Armour: Leather armour    |    28 |     5 ||    33
         Ring mail         |       |    32 ||    32
         Skin              |       |     8 ||     8
  Dodge: Dodged            |    35 |    48 ||    83

Table legend:
 A = Non-vault XP
 B = Vault XP
 C = Vault XP percentage of total XP
 D = Non-vault monster count
 E = Vault monster count
 F = Vault count percentage of total count
                 A         B        C        D         E       F
            +---------+---------+-------+---------+---------+-------
      Total |     177 |     255 |  59.0 |      67 |       5 |   6.9
            +---------+---------+-------+---------+---------+-------
        D:1 |      69 |       0 |   0.0 |      34 |       0 |   0.0
        D:2 |      21 |      41 |  66.1 |      15 |       4 |  21.1
        D:3 |      37 |     214 |  85.3 |      16 |       1 |   5.9
        D:4 |      50 |       0 |   0.0 |       2 |       0 |   0.0
            +---------+---------+-------+---------+---------+-------
